 Dungeon Crawl Stone Soup version 0.21.0-24-g2553a33 (webtiles) character file.

773 mistymad the Insei (level 7, -3/47 HPs)
             Began as an Octopode Earth Elementalist on Jan 19, 2018.
             Slain by an orc warrior
             ... wielding a +0 hand axe
              (14 damage)
             ... on level 6 of the Dungeon.
             The game lasted 00:17:44 (6653 turns).

mistymad the Insei (Octopode Earth Elementalist)    Turns: 6653, Time: 00:17:45

Health: -3/47      AC:  1    Str:  4      XL:     7   Next: 83%
Magic:  7/12       EV: 13    Int: 19      God:
Gold:   227        SH:  0    Dex: 11 (12) Spells: 6/12 levels left

rFire    . . .     SeeInvis +   y - +3 dagger of Xawoi {pierce, rPois Str-4 SInv}
rCold    . . .     Gourm    .   (no shield)
rNeg     . . .     Faith    .   (helmet restricted)
rPois    +         Spirit   .   (no amulet)
rElec    .         Reflect  .   (no ring)
rCorr    .         Harm     .   (no ring)
MR       .....                  (no ring)
Stlth    +++.......             (no ring)
HPRegen  0.15/turn              (no ring)
MPRegen  0.13/turn              (no ring)
                                (no ring)
                                (no ring)

@: no status effects
A: almost no armour, stealthy swim, amphibious, 8 rings, constrict 8, camouflage
1, gelatinous body 1
a: no special abilities


You were on level 6 of the Dungeon.
You were not hungry.

You visited 1 branch of the dungeon, and saw 6 of its levels.
You also visited: Sewer.

You collected 227 gold pieces.

Inventory:

Hand Weapons
 y - the +3 dagger of Xawoi (weapon) {pierce, rPois Str-4 SInv}
   (You found it on level 5 of the Dungeon)

   It inflicts extra damage upon your enemies.
   It affects your strength (-4).
   It protects you from poison.
   It lets you see invisible.
Missiles
 b - 135 stones (quivered)
Armour
 q - a +0 shield
Jewellery
 f - an uncursed ring of resist corrosion {unknown}
 t - an uncursed ring of protection from cold {unknown}
Wands
 m - a wand of random effects (29)
Scrolls
 e - 6 scrolls of identify {unknown}
 h - 3 scrolls of teleportation {unknown}
 j - 2 scrolls of remove curse {unknown}
 k - 2 scrolls of fog {unknown}
 l - a scroll of enchant armour {unknown}
 o - a scroll of random uselessness {unknown}
 r - a scroll of immolation {unknown}
 s - 2 scrolls of blinking {unknown}
Potions
 a - a potion of mutation {unknown}
 g - a potion of degeneration {unknown}
 i - 2 potions of agility {unknown}
 n - 5 potions of heal wounds {unknown}
 p - 4 potions of curing {unknown}
 u - 2 potions of lignification {unknown}
 v - 2 potions of flight {unknown}
 w - 2 potions of berserk rage {unknown}
Books
 d - a book of Geomancy

   Spells                             Type                      Level
   a - Sandblast                      Earth                        1
   b - Passwall                       Transmutation/Earth          2
   c - Stone Arrow                    Conjuration/Earth            3
   d - Petrify                        Transmutation/Earth          4
   e - Lee's Rapid Deconstruction     Earth                        5
Comestibles
 c - 9 rations
 x - 3 chunks of flesh


   Skills:
 + Level 3.8 Fighting
 - Level 2.0 Dodging
 - Level 2.6 Stealth
 + Level 5.1 Unarmed Combat
 + Level 3.4 Spellcasting
 - Level 1.0 Transmutations
 - Level 5.0 Earth Magic


You had 6 spell levels left.
You knew the following spells:

 Your Spells              Type           Power        Failure   Level  Hunger
a - Sandblast             Erth           ###...       1%          1    None
b - Passwall              Tmut/Erth      ##........   6%          2    ##.....
c - Stone Arrow           Conj/Erth      ##....       16%         3    ###....


Dungeon Overview and Level Annotations

Branches:
Dungeon (6/15)
 Temple: D:4-7

Altars:
Cheibriados
Dithmenos
Fedhas
Trog
Wu Jian
The Shining One

Annotations:
D:2 1 exclusion
D:3 Mgcat's ghost, amateur DrFi


Innate Abilities, Weirdness & Mutations

You cannot wear most types of armour.
You are very stealthy in the water. (Stealth+)
You are amphibious.
You can wear up to eight rings at the same time.
You can use your tentacles to constrict eight enemies at once.
Your skin changes colour to match your surroundings (Stealth+).
Your rubbery body absorbs attacks. (AC +1, EV +1)


Message History

The blast of sand hits the orc warrior.
b - 138 stones The orc warrior throws a tomahawk.
The tomahawk hits you!
You take 14 damage, and have 32/47 hp.
MASSIVE DAMAGE!!
You now have 9/12 mp.
Aim: an orc warrior, wielding a hand axe and wearing a chain mail (moderately wounded)
The blast of sand hits the orc warrior.
b - 137 stones The orc warrior hits you with a hand axe!!
* * * LOW HITPOINT WARNING * * *
You take 22 damage, and have 10/47 hp.
MASSIVE DAMAGE!!
You don't know that spell.
Aim: an orc warrior, wielding a hand axe and wearing a chain mail (heavily wounded)
The blast of sand hits the orc warrior.
b - 136 stones You now have 8/12 mp.
Aim: an orc warrior, wielding a hand axe and wearing a chain mail (heavily wounded)
The blast of sand hits the orc warrior.
b - 135 stones The orc warrior hits you with a hand axe!
You die...

#.##.# #.# #.##.####
#.# #.##....###.#
#.##.##..#######
####..............#
#####)........(.....#
#>..(.<.....##(....#.
#.###.####..##....#...
#.# ##....#@)#....#
#.# #......o#.....#
#.# ##.#.#.#.......
#.# #....[..#....# #.#
##....#..##..# #.
##... ..# ..# ##.. ...
.. ##. .... ## .###


You could see an orc warrior.

Vanquished Creatures
  A sky beast (D:5)
  2 phantoms
  A centaur (D:5)
  A big kobold (Sewer)
  A crimson imp (D:5)
  A quasit (D:5)
  An orc wizard (D:4)
  Jessica (D:2)
  A worker ant (D:4)
  A hound skeleton (D:5)
  A howler monkey skeleton (D:4)
  8 adders
  2 river rats (Sewer)
  An ooze (D:1)
  5 worms
  A dart slug (D:1)
  3 leopard geckos
  9 orcs
  2 ball pythons
  4 giant cockroaches
  7 hobgoblins
  2 jackals (Sewer)
  2 quokkas (D:4)
  6 bats
  6 frilled lizards
  6 goblins
  A jackal skeleton (D:4)
  12 kobolds
  15 rats
104 creatures vanquished.

Notes
Turn   | Place    | Note
-------+----------+-------------------------------------------
     0 | D:1      | mistymad the Octopode Earth Elementalist began the quest for the Orb.
     0 | D:1      | Reached XP level 1. HP: 11/11 MP: 3/3
    86 | D:1      | Reached skill level 1 in Fighting
    86 | D:1      | Reached skill level 1 in Unarmed Combat
    86 | D:1      | Reached XP level 2. HP: 15/18 MP: 5/5
   297 | D:1      | Reached XP level 3. HP: 22/23 MP: 6/6
   301 | D:1      | Learned a level 2 spell: Passwall
   967 | D:2      | Noticed Jessica
   970 | D:2      | Killed Jessica
   970 | D:2      | Reached XP level 4. HP: 28/29 MP: 5/7
   980 | D:2      | Learned a level 3 spell: Stone Arrow
  1022 | D:2      | Found a bloodstained altar of Trog.
  2129 | D:3      | Noticed Mgcat's ghost (amateur DrFi)
  2692 | D:4      | Reached XP level 5. HP: 11/34 MP: 0/9
  3104 | D:4      | Found a snail-covered altar of Cheibriados.
  3606 | D:4      | Found a glowing golden altar of the Shining One.
  3694 | D:3      | Found an ornate altar of the Wu Jian Council.
  3745 | D:3      | Found a blossoming altar of Fedhas.
  4163 | D:4      | Noticed a phantom
  4171 | D:4      | Killed a phantom
  4171 | D:4      | Reached XP level 6. HP: 6/39 MP: 2/10
  4944 | D:5      | Entered Level 5 of the Dungeon
  5109 | D:5      | Found a shadowy altar of Dithmenos.
  5252 | D:5      | Reached XP level 7. HP: 29/45 MP: 1/11
  5437 | D:5      | Found a glowing drain.
  5506 | Sewer    | Entered a sewer
  5656 | Sewer    | Reached skill level 5 in Earth Magic
  5702 | Sewer    | Found a white marble altar of Elyvilon.
  6373 | D:5      | Reached skill level 5 in Unarmed Combat
  6590 | D:5      | Got a crude dagger
  6591 | D:5      | Identified the +3 dagger of Xawoi {pierce, rPois Str-4 SInv} (You found it on level 5 of the Dungeon)
  6653 | D:6      | Slain by an orc warrior

Skill      XL: |  1  2  3  4  5  6  7 |
---------------+----------------------+-----
Fighting       | 1 2 3 |  3.8
Unarmed Combat | 1 2 3 4 5 |  5.1
Spellcasting   | 3 |  3.4
Earth Magic    | 4 5 |  5.0
Dodging        | |  2.0
Stealth        | |  2.6
Transmutations | |  1.0

Action                   |  1- 3 |  4- 6 |  7- 9 || total
-------------------------+-------+-------+-------++-------
Melee: Unarmed           |    75 |    78 |    28 ||   181
       Constrict         |    21 |    21 |     9 ||    51
       Tentacles         |     9 |    21 |     2 ||    32
       Punch             |     1 |     3 |       ||     4
Throw: Stone             |       |     1 |       ||     1
 Cast: Sandblast         |     2 |    66 |    38 ||   106
 Stab: Sleeping          |    12 |    11 |     1 ||    24
  Eat: Chunk             |       |    13 |     1 ||    14
       Ration            |       |       |     1 ||     1
Armor: Skin              |    11 |    10 |     5 ||    26
Dodge: Dodged            |    54 |    83 |    41 ||   178
